Map: King Sejong Station LE

Players

Zeal

  • Race: Protoss Protoss
  • League: Grandmaster

Towelie - Winner!

  • Race: Zerg Zerg
  • League: Grandmaster

Event: Clash of the Clanless

VOD

Have the link to the VOD?

Description

Time

  • Played on: Aug. 20, 2016, 1:17 p.m.
  • Length: 11:43

All games in this series

Show
View Real Time Build Order
Export as new Build Order

Zeal Protoss 

Build Orders: 1 Gate Expand, Oracle Opening 

Get SALT Encoding   

  12  0:01  Probe (Chrono Boost)  
  13  0:11  Probe (Chrono Boost)  
  14  0:19  Pylon  
  14  0:22  Probe (Chrono Boost)  
  15  0:37  Probe (Chrono Boost)  
  15  0:40  Gateway  
  16  0:48  Probe (Chrono Boost)  
  16  0:49  Assimilator  
  17  0:58  Probe (Chrono Boost)  
  18  1:09  Probe (Chrono Boost)  
  19  1:19  Probe (Chrono Boost)  
  20  1:26  Nexus  
  20  1:33  Cybernetics Core  
  20  1:36  Probe (Chrono Boost)  
  21  1:44  Assimilator  
  21  1:46  Probe (Chrono Boost)  
  22  1:51  Pylon  
  22  1:57  Probe (Chrono Boost)  
  23  2:07  Adept  
  23  2:11  Probe (Chrono Boost)  
  23  2:12  Warp Gate  
  27  2:23  Probe (Chrono Boost)  
  27  2:31  Stargate  
  27  2:34  Zealot  
  27  2:35  Probe (Chrono Boost)  
  30  2:39  Probe (Chrono Boost)  
  31  2:49  Probe (Chrono Boost)  
  31  2:50  Mothership Core (Chrono Boost)  
  34  3:00  Probe (Chrono Boost)  
  35  3:06  Gateway  
  35  3:07  Gateway  
  35  3:08  Probe (Chrono Boost)  
  35  3:10  Probe (Chrono Boost)  
  37  3:15  Oracle  
  37  3:17  Pylon  
  38  3:20  Probe (Chrono Boost)  
  38  3:25  Probe (Chrono Boost)  
  42  3:32  Probe (Chrono Boost)  
  43  3:35  Probe (Chrono Boost)  
  44  3:45  Pylon  
  44  3:46  Probe x2 (Chrono Boost)  
  46  3:54  Oracle  
  46  3:58  Probe (Chrono Boost)  
  46  4:00  Probe (Chrono Boost)  
  52  4:10  Probe x2 (Chrono Boost)  
  53  4:17  Adept x3  
  53  4:18  Pylon  
  53  4:21  Probe (Chrono Boost)  
  53  4:22  Probe (Chrono Boost), Assimilator  
  61  4:26  Assimilator  
  61  4:32  Probe (Chrono Boost)  
  61  4:38  Probe (Chrono Boost)  
  63  4:42  Probe (Chrono Boost), Nexus, Sentry  
  63  4:43  Pylon  
  66  4:50  Probe (Chrono Boost)  
  68  4:53  Probe (Chrono Boost)  
  68  4:55  Forge  
  68  4:56  Twilight Council  
  68  5:02  Probe (Chrono Boost)  
  68  5:03  Probe (Chrono Boost)  
  70  5:08  Adept x3  
  70  5:13  Probe (Chrono Boost)  
  70  5:14  Probe (Chrono Boost)  
  78  5:18  Pylon  
  78  5:23  Blink  
  78  5:24  Protoss Ground Weapons Level 1  
  78  5:31  Pylon  
  78  5:38  Probe x2 (Chrono Boost)  
  80  5:42  Sentry  
  80  5:44  Zealot x2  
  80  5:45  Robotics Facility  
  88  5:51  Probe x2 (Chrono Boost)  
  88  5:56  Probe (Chrono Boost), Pylon  
  89  6:01  Gateway x2  
  89  6:03  Probe x2 (Chrono Boost)  
  91  6:06  Probe (Chrono Boost)  
  92  6:15  Probe x2 (Chrono Boost)  
  94  6:19  Gateway  
  94  6:22  Gateway  
  94  6:23  Probe (Chrono Boost), Sentry, Gateway  
  94  6:24  Sentry x2  
  103  6:27  Probe x2 (Chrono Boost)  
  103  6:28  Warp Prism  
  103  6:33  Assimilator  
  103  6:38  Probe (Chrono Boost), Pylon, Assimilator  
  106  6:47  Pylon  
  106  6:50  Adept x2  
  109  7:18  Stalker x6, Observer  
  122  7:26  Nexus  
  122  7:31  Pylon  
  122  7:36  Pylon  
  122  7:40  Stalker x3  
  122  7:41  Stalker x2  
  132  7:45  Pylon  
  132  7:47  Pylon  
  132  7:50  Stalker  
  132  7:51  Stalker x2  
  138  7:56  Pylon  
  138  8:00  Nexus  
  138  8:12  Stalker  
  138  8:13  Stalker x6  
  138  8:14  Stalker  
  154  8:25  Protoss Ground Weapons Level 2  
  145  8:38  Stalker x2  
  145  8:39  Stalker x2  
  149  8:43  Pylon  
  149  8:45  Pylon  
  149  8:47  Pylon  
  139  9:14  Stalker  
  139  9:15  Stalker x7  
  99  9:39  Stalker x2  
  99  9:40  Stalker x6  
  101  10:00  Resonating Glaives  
  101  10:02  Adept x3  
  101  10:03  Adept x5  
  107  10:14  Templar Archives  
  103  10:22  Nexus  
  93  10:30  Adept x5  
  93  10:31  Adept x3  
  107  10:55  Adept x2  
  102  10:57  Stalker  
  102  10:58  Stalker x5  
  70  11:11  Probe x2 (Chrono Boost)  
Show
View Real Time Build Order
Export as new Build Order

Towelie Zerg - Winner!

Build Orders: Hatch First 

Get SALT Encoding   

  12  0:01  Drone  
  13  0:12  Overlord  
  13  0:18  Drone  
  14  0:32  Drone x2  
  17  0:35  Drone  
  17  0:53  Hatchery  
  17  0:55  Drone  
  17  0:58  Drone  
  18  1:08  Extractor  
  17  1:13  Spawning Pool  
  17  1:16  Drone  
  17  1:20  Drone  
  18  1:29  Drone  
  19  1:40  Overlord  
  19  1:49  Drone  
  20  2:00  Queen  
  22  2:02  Drone  
  22  2:04  Queen  
  22  2:07  Drone  
  22  2:08  Metabolic Boost  
  26  2:11  Drone  
  27  2:15  Drone  
  27  2:18  Evolution Chamber  
  27  2:24  Drone  
  28  2:32  Drone  
  28  2:33  Drone  
  30  2:40  Queen  
  30  2:41  Overlord  
  32  2:45  Zergling x2  
  32  2:48  Zergling x2  
  34  2:54  Zergling x2  
  34  2:56  Zerg Melee Weapons Level 1  
  35  3:00  Zergling x2  
  36  3:10  Zergling x2  
  36  3:11  Zergling x6  
  36  3:12  Overlord  
  40  3:20  Drone x3  
  43  3:33  Hatchery  
  42  3:37  Overlord  
  43  3:41  Drone x2  
  44  3:52  Drone x2  
  44  3:53  Drone x4  
  48  4:14  Drone x5  
  52  4:20  Overlord  
  52  4:21  Roach Warren  
  51  4:25  Spore Crawler  
  51  4:26  Spore Crawler  
  51  4:29  Queen  
  51  4:37  Zergling x2  
  51  4:38  Zergling x14  
  59  4:45  Drone  
  60  4:46  Queen  
  62  4:55  Drone  
  62  4:56  Drone  
  62  4:58  Spore Crawler  
  63  5:08  Lair  
  63  5:09  Drone x3  
  63  5:11  Drone x7  
  73  5:19  Overlord  
  73  5:20  Overlord  
  73  5:26  Extractor  
  73  5:27  Extractor  
  70  5:29  Overlord x2  
  70  5:40  Drone x9  
  79  5:46  Overlord  
  79  5:53  Roach x2  
  83  6:01  Roach x4  
  91  6:08  Hatchery  
  91  6:10  Drone  
  91  6:11  Drone x2  
  90  6:16  Zerg Melee Weapons Level 2  
  90  6:17  Glial Reconstitution  
  90  6:19  Drone x7  
  97  6:26  Drone  
  97  6:28  Extractor  
  97  6:29  Extractor  
  97  6:31  Drone  
  97  6:33  Baneling Nest  
  96  6:43  Drone  
  96  6:44  Drone x3  
  96  6:45  Overlord, Drone  
  96  6:46  Overlord x2  
  101  6:48  Zergling x2  
  102  6:56  Zergling x2  
  102  6:57  Zergling x4  
  102  7:01  Zergling x12  
  110  7:09  Drone  
  110  7:10  Extractor  
  110  7:12  Ravager x5  
  110  7:13  Hatchery, Ravager  
  114  7:18  Centrifical Hooks  
  114  7:26  Zergling x10  
  114  7:27  Zergling x6  
  122  7:33  Baneling x13  
  122  7:43  Zergling x24  
  134  7:48  Overlord x2  
  132  8:14  Zergling x18  
  132  8:15  Zergling x16  
  147  8:26  Zergling x10  
  134  8:38  Baneling x2  
  134  8:39  Baneling x14  
  134  8:40  Zergling x18  
  141  8:46  Drone  
  142  8:49  Spire, Zergling x6  
  142  8:51  Baneling x5  
  142  8:52  Baneling x20  
  144  8:57  Zergling x8  
  144  8:58  Zergling x2  
  137  9:13  Zergling x22  
  135  9:20  Zerg Ground Armor Level 1  
  135  9:27  Zergling x10  
  135  9:28  Zergling x16  
  124  9:40  Zergling x12  
  121  9:48  Zergling x20  
  121  9:51  Baneling  
  121  9:52  Baneling x10  
  127  9:58  Zergling x10  
  123  10:12  Mutalisk x6  
  131  10:22  Mutalisk  
  131  10:23  Mutalisk x4  
  139  10:30  Mutalisk  
  139  10:32  Zergling x14  
  148  10:40  Drone  
  148  10:42  Hydralisk Den  
  147  10:47  Zergling x20  
  153  11:03  Mutalisk x5  
  162  11:10  Zergling x16  
  159  11:16  Mutalisk x2  
Tags
 
Add a new tag
Caveats
  • Supply blocks, unpowered buildings, or Contaminate may cause inaccurate times.
  • Supply counts are checked every 10 seconds.